 Dungeon Crawl Stone Soup version 0.25.1-8-g42b30a86e7 (webtiles) character file.

Game seed: 15186316025372838769

248 Azimut41r the Sneak (level 6, 0/41 HPs)
             Began as a Halfling Assassin on Dec 15, 2020.
             Slain by a worker ant (4 damage)
             ... on level 4 of the Dungeon.
             The game lasted 00:22:18 (4601 turns).

Azimut41r the Sneak (Halfling Assassin)             Turns: 4601, Time: 00:22:18

Health: 0/41       AC:  4    Str: 12    XL:     6   Next: 34%
Magic:  6/6        EV: 16    Int: 10    God:
Gold:   216        SH:  0    Dex: 17    Spells: 5/5 levels left

rFire    . . .     SeeInvis .   a - +2 dagger
rCold    . . .     Gourm    .   (shield restricted)
rNeg     . . .     Faith    .   b - +0 robe
rPois    .         Spirit   .   A - +1 hat
rElec    .         Reflect  .   y - +0 cloak
rCorr    .         Harm     .   (no gloves)
MR       .....                  (no boots)
Stlth    ++++......             (no amulet)
HPRegen  0.13/turn              l - ring of stealth
MPRegen  0.10/turn              (no ring)

@: lethally poisoned (0 -> 0)
A: small, mutation resistance 1
a: no special abilities


You were on level 4 of the Dungeon.
You were not hungry.

You visited 1 branch of the dungeon, and saw 4 of its levels.

You collected 216 gold pieces.

Inventory:

Hand Weapons
 a - a +2 dagger (weapon)
Missiles
 e - a poisoned dart (quivered)
 n - a silver javelin
 s - 13 sling bullets
 t - 29 arrows
Armour
 b - a +0 robe (worn)
 c - a +0 cloak
 m - a +0 naga barding
 y - a +0 cloak (worn)
 A - a +1 hat (worn)
Jewellery
 l - a ring of stealth (left hand)
Wands
 B - a wand of clouds (6)
Scrolls
 g - 3 scrolls of identify
 h - a scroll of blinking
 i - a scroll of fear {unknown}
 j - 4 scrolls of amnesia
 k - a scroll of random uselessness {unknown}
 o - 7 scrolls of remove curse
 r - a scroll of magic mapping
 u - 2 scrolls of enchant armour {unknown}
Potions
 d - 2 potions of brilliance {unknown}
 p - 2 potions of curing {unknown}
 q - 2 potions of heal wounds {unknown}
 w - a potion of haste {unknown}
 x - 2 potions of lignification {unknown}
 z - a potion of might {unknown}
 C - a potion of invisibility {unknown}
Comestibles
 f - 2 rations


   Skills:
 + Level 2.4 Fighting
 + Level 3.9 Short Blades
 + Level 2.6 Throwing
 + Level 2.9 Dodging
 + Level 6.3 Stealth


You had 5 spell levels left.
You didn't know any spells.
Your spell library was empty.

Dungeon Overview and Level Annotations

Branches:
Dungeon (4/15)
 Temple: D:4-7

Altars:
Elyvilon
Okawaru
Trog

Annotations:
D:3 3 runed translucent doors, execc's ghost, amateur OpCj


Innate Abilities, Weirdness & Mutations

You are small and have problems with some larger weapons.
You are somewhat resistant to further mutation.


Message History

The worker ant completely misses you.
You barely miss the worker ant.
The worker ant is moderately wounded.
The worker ant bites you.
You barely miss the worker ant.
The worker ant is moderately wounded.
You feel sick. The worker ant bites you.
You are too injured to fight recklessly!
You are too injured to fight recklessly!
You feel sick. The worker ant bites you.
* * * LOW HITPOINT WARNING * * *
You feel sick. The worker ant misses you.
You feel sick. The worker ant bites you.
* * * LOW HITPOINT WARNING * * *
There is a stone staircase leading up, spattered with blood here.
The worker ant bites you.
You die...

....+........ ##+#####'##........
#.............##### .....
#......(....)># ....
#.............# ....
#.............# #..#
#####..o.o........#+###
.###..#####.....a#########.......
.......+..#.....@#.......#.......
.......#..#......#.......#.......
#..##..#......##.######.......
####..##..##'#....#.###..########
......#......#.)..'..#...........
......'......#....#..#...........
##########...#....#.###..##..####
##########.###..#####...
#.............#...


You could see a worker ant and an orc.

Vanquished Creatures
  7 gnolls
  9 adders
  An ooze (D:1)
  An adder skeleton (D:4)
  2 worms
  3 dart slugs
  3 leopard geckos
  An orc (D:4)
  7 ball pythons
  6 giant cockroaches
  7 hobgoblins
  2 jackals (D:3)
  9 kobolds
  3 quokkas (D:2)
  4 bats
  4 frilled lizards
  4 goblins
  A leopard gecko skeleton (D:4)
  A leopard gecko zombie (D:2)
  12 rats
87 creatures vanquished.

Notes
Turn   | Place    | Note
-------+----------+-------------------------------------------
     0 | D:1      | Azimut41r the Halfling Assassin began the quest for the
                  | Orb.
     0 | D:1      | Reached XP level 1. HP: 14/14 MP: 1/1
   422 | D:1      | Reached XP level 2. HP: 17/19 MP: 2/2
   740 | D:1      | Reached skill level 5 in Stealth
   884 | D:1      | Reached XP level 3. HP: 20/24 MP: 3/3
  1681 | D:2      | Reached XP level 4. HP: 12/29 MP: 4/4
  1927 | D:2      | Found a faded altar of an unknown god.
  2409 | D:2      | Reached XP level 5. HP: 34/34 MP: 5/5
  2898 | D:3      | Reached skill level 6 in Stealth
  3103 | D:3      | Found an iron altar of Okawaru.
  3108 | D:3      | Found a bloodstained altar of Trog.
  3114 | D:3      | Found a white marble altar of Elyvilon.
  3223 | D:3      | Noticed execc's ghost (amateur OpCj)
  3229 | D:3      | Found a runed translucent gate.
  3229 | D:3      | Found a runed translucent gate.
  3231 | D:3      | Found a runed translucent gate.
  3279 | D:3      | Reached XP level 6. HP: 28/40 MP: 6/6
  4138 | D:4      | Noticed an ogre
  4601 | D:4      | Slain by a worker ant

Illustrated notes

Levels and vault maps discovered:
D:1:      dpeg_arrival_simpleton_c, layout_loops_cross, st_stairs_5,
          hangedman_abyss_or_decor_lesser_grid
D:2:      minmay_chambers_of_ones, layout_loops_cross,
          chequers_ecumenical_altar_simple, minmay_snake_closets
D:3:      layout_rooms, minmay_overflow_temple_star_quad, gammafunk_ghost_split,
          grunt_decor_clamped, st_stairs_4
D:4:      layout_gridville, nicolae_overflow_crystal_walls, first_ration

Skill      XL: |  1  2  3  4  5 |
---------------+----------------+-----
Stealth        | 5 6 |  6.3
Fighting       | 2 |  2.4
Dodging        | 2 |  2.9
Short Blades   | 3 |  3.9
Throwing       | |  2.6

Action                   |  1- 3 |  4- 6 || total
-------------------------+-------+-------++-------
Melee: Dagger            |    84 |   187 ||   271
Throw: Dart              |    13 |    23 ||    36
  Use: Scroll            |     1 |     4 ||     5
 Stab: Sleeping          |     3 |    20 ||    23
  Eat: Chunk             |     2 |     7 ||     9
       Ration            |       |     1 ||     1
Armor: Robe              |    15 |    34 ||    49
Dodge: Dodged            |    48 |   143 ||   191
